 Dungeon Crawl Stone Soup version 0.26.0-20-g3ca415f5b8 (webtiles) character file.

Game seed: 1139364898823538684

37341 hawla the Thaumaturge (level 13, -1/89 HPs)
             Began as a Black Draconian Conjurer on Jan 24, 2021.
             Was an Initiate of Gozag.
             Killed by divine providence
             ... invoked by a meliai
              (11 damage)
             ... on level 5 of the Lair of Beasts.
             The game lasted 01:13:47 (24622 turns).

hawla the Thaumaturge (Black Draconian Conjurer)   Turns: 24622, Time: 01:13:47

Health: -1/89      AC: 13    Str: 10    XL:     13   Next: 57%
Magic:  5/29       EV: 12    Int: 41    God:    Gozag
Gold:   2517       SH:  6    Dex: 15    Spells: 1/36 levels left

rFire    + . .     SeeInvis .   C - +2 whip of the Rat {vorpal, Int+7 Dex+4}
rCold    + . .     Faith    .   l - +1 buckler
rNeg     . . .     Spirit   .   (armour unavailable)
rPois    .         Reflect  .   (helmet restricted)
rElec    +         Harm     .   Y - scarf {rC+ rF+}
rCorr    .         Rampage  .   K - +1 pair of gloves
Will     .....                  D - +2 pair of boots {Fly}
Stlth    ++........             c - amulet of the acrobat
HPRegen  0.24/turn              r - +6 ring of intelligence
MPRegen  0.21/turn              L - +6 ring of intelligence

@: no status effects
A: breathe lightning, unfitting armour, electricity resistance, cold-blooded, AC
+8
a: Breathe Lightning, Renounce Religion, Evoke Flight, Potion Petition, Call
Merchant, Bribe Branch


You were on level 5 of the Lair of Beasts.
You worshipped Gozag.
Gozag was most pleased with you.
You visited 3 branches of the dungeon, and saw 19 of its levels.
You also visited: Sewer.

You collected 5084 gold pieces.
You spent 1663 gold pieces at shops.
You paid 904 gold pieces to Gozag.

Inventory:

Hand Weapons
 C - the +2 whip of the Rat (weapon) {vorpal, Int+7 Dex+4}
   (You found it on level 5 of the Dungeon)

   It inflicts extra damage upon your enemies.
   It affects your intelligence (+7).
   It affects your dexterity (+4).
Missiles
 s - 9 boomerangs
 I - 7 silver boomerangs (quivered)
 S - 9 poisoned darts
Armour
 l - a +1 buckler (worn)
 D - a +2 pair of boots of flying (worn)
 K - a +1 pair of gloves (worn)
 Y - a scarf of resistance (worn)
Magical Staves
 M - an uncursed staff of air
Jewellery
 a - an uncursed ring of resist corrosion
 c - an amulet of the acrobat (around neck)
 d - a cursed ring of flight {unknown}
 g - an uncursed ring of fire
 i - an uncursed ring of stealth
 r - a +6 ring of intelligence (left hand)
 L - a +6 ring of intelligence (right hand)
 P - an uncursed ring of magical power {unknown}
 Q - a cursed -4 ring of dexterity {unknown}
Wands
 m - a wand of iceblast (35)
 F - a wand of random effects (18)
 R - a wand of disintegration (10)
 T - a wand of paralysis (19)
 U - a wand of flame (22)
 V - a wand of acid (9)
Scrolls
 b - a scroll of amnesia
 f - 5 scrolls of teleportation
 j - a scroll of identify
 k - 2 scrolls of blinking
 n - 3 scrolls of fog
 p - 6 scrolls of magic mapping
 q - a scroll of brand weapon {unknown}
 t - 5 scrolls of enchant armour
 A - a scroll of summoning {unknown}
 E - a scroll of holy word {unknown}
 G - 4 scrolls of enchant weapon
 J - 4 scrolls of remove curse
Potions
 e - 11 potions of curing
 h - 6 potions of flight
 o - 2 potions of haste
 u - 4 potions of brilliance
 v - a potion of invisibility
 w - a potion of magic
 x - 2 potions of resistance
 z - 3 potions of might {unknown}
 B - 5 potions of mutation {unknown}
 N - 2 potions of lignification
 O - 2 potions of berserk rage
Miscellaneous
 y - a tin of tremorstones (2/2)
 H - a condenser vane


   Skills:
 - Level 1.0 Fighting
 + Level 11.8 Maces & Flails
 - Level 1.0 Throwing
 - Level 2.0 Dodging
 - Level 2.0 Stealth
 - Level 4.0 Shields
 + Level 12.4 Spellcasting
 - Level 9.4 Conjurations
 - Level 4.6 Translocations
 - Level 1.0 Transmutations
 - Level 1.0 Fire Magic
 - Level 8.1 Ice Magic
 - Level 8.2 Air Magic
 - Level 2.0 Poison Magic


You had one spell level left.
You knew the following spells:

 Your Spells              Type           Power        Failure   Level
a - Magic Dart            Conj           100%         1%          1
b - Searing Ray           Conj           100%         1%          2
c - Iskenderun's Mystic   Conj/Tloc      70%          1%          4
d - Freezing Cloud        Conj/Ice/Air   38%          6%          6
e - Iskenderun's Battles  Conj           80%          1%          5
f - Hailstorm             Conj/Ice       78%          1%          4
g - Ozocubu's Refrigerat  Ice            37%          7%          6
h - Olgreb's Toxic Radia  Pois           42%          5%          4
i - Ignite Poison         Fire/Tmut/Pois 36%          2%          3

Your spell library contained the following spells:

 Spells                   Type           Power        Failure   Level
 Beastly Appendage        Tmut           66%          1%          1
 Pain                     Necr           100%         1%          1
 Sting                    Tmut/Pois      100%         1%          1
 Corpse Rot               Necr/Air       N/A          1%          2
 Passwall                 Tmut/Erth      24%          1%          2
 Poisonous Vapours        Pois/Air       100%         1%          2
 Swiftness                Air            75%          1%          2
 Wereblood                Tmut           33%          1%          2
 Conjure Flame            Conj/Fire      62%          1%          3
 Dazzling Flash           Conj/Hex       100%         1%          3
 Lesser Beckoning         Tloc           29%          1%          3
 Mephitic Cloud           Conj/Pois/Air  68%          1%          3
 Spider Form              Tmut/Pois      19%          1%          3
 Teleport Other           Tloc           59%          1%          3
 Fulminant Prism          Conj/Hex       29%          1%          4
 Ice Form                 Ice/Tmut       58%          1%          4
 Passage of Golubria      Tloc           N/A          1%          4
 Summon Ice Beast         Ice/Summ       56%          2%          4
 Vampiric Draining        Necr           12%          3%          3
 Bolt of Magma            Conj/Fire/Erth 26%          9%          5
 Animate Dead             Necr           12%          13%         4
 Orb of Destruction       Conj           40%          22%         7
 Blade Hands              Tmut           16%          24%         5
 Iron Shot                Conj/Erth      29%          28%         6
 Lee's Rapid Deconstruct  Erth           12%          34%         5
 Spellforged Servitor     Conj/Summ      29%          85%         7
 Invisibility             Hex            25%          89%         6


Dungeon Overview and Level Annotations

Branches:
Dungeon (12/15)            Temple (1/1) D:5            Lair (6/6) D:8
  Swamp (0/4) Lair:4        Snake (0/4) Lair:2        Slime (0/5) Lair:5
    Orc (0/2) D:11          Sewer (visited)

Altars:
Ashenzari
Cheibriados
Dithmenos
Elyvilon
Fedhas
Gozag
Hepliaklqana
Kikubaaqudgha
Makhleb
Nemelex Xobeh
Okawaru
Qazlal
Ru
Sif Muna
Trog
Uskayaw
Vehumet
Wu Jian
Xom
Yredelemnul
Zin
The Shining One

Shops:
D:4 *   D:5 [   D:7 [   D:9 !   Lair:1 :

Annotations:
D:3 3 runed translucent doors, wux's ghost, weakling DsIE
Lair:6 exclusion: oklob plant, Snorg


Innate Abilities, Weirdness & Mutations

You can breathe wild blasts of lightning.
Your glossy black scales are hard. (AC +8)
You cannot fit into any form of body armour.
You are resistant to electric shocks. (rElec)
You are cold-blooded and may be slowed by cold attacks.


Message History

The mystic blast hits the killer bee!
The killer bee is severely wounded.
The killer bee is knocked back by the mystic blast.
The killer bee slams into the rock wall!
You kill the killer bee!
Your surroundings suddenly seem different.
Found 10 arrows, 21 sling bullets and 2 bubbling pink potions.
The sentinel's mark upon you fades away.
Found a scroll of fear and a moonstone ring.
You see here 21 sling bullets.
B - 5 bubbling pink potions (gained 2)
The meliai invokes the aid of its god against you.
Something smites you!
* * * LOW HITPOINT WARNING * * *
You hear an angry buzzing noise.
You feel better.
The meliai calls down the wrath of its god upon you.
Something smites you!
You die...
Your body crumbles into a pile of gold.

.......$≈≈≈...#.......###
.......≈≈≈≈≈............##
.......≈≈≈≈≈≈............##
.......≈≈≈≈≈≈.............#
........≈≈≈≈≈≈.P..........##
.......<.≈≈≈≈≈.P...........#
##.......≈≈≈≈≈yP..........##
##.....≈≈≈≈≈≈≈............P#
.#.^.....≈≈≈≈...@....(.(..##
......P##.≈................#
.......#*#................##
.......#*#.P.P............#
........*##..#.#..........#
,,,,,,,** ##.##...........#
,,,,,,,****.,,#..=?......##
,,,,,,,*,*#*,*##.........#
,,,,,,,,,,,,,,*,,,,,,,,,,*


You could see a meliai.

Vanquished Creatures
  4 hydras
  4 two-headed ogres
  2 unseen horrors
  A bog body (Lair:4)
  3 ugly things
  3 cyclopes (D:11)
  10 elephants
  Maurice (D:11)
  A black mamba (Lair:3)
  Joseph (D:9)
  13 cane toads
  Maggie (D:10)
  A kobold demonologist (D:12)
  5 komodo dragons
  2 rime drakes
  A polar bear (Lair:2)
  2 trolls (D:12)
  8 blink frogs
  5 slime creatures (D:12)
  A harpy skeleton (D:12)
  A hornet (D:11)
  A wraith (D:12)
  4 wyverns
  22 yaks
  Grum (D:8)
  A basilisk (Lair:4)
  7 nagas (Lair:2)
  7 water moccasins
  6 orc warriors
  5 sky beasts
  A necrophage (D:6)
  An eye of draining (D:9)
  A black bear (D:6)
  2 ice beasts
  2 ogres
  5 phantoms
  7 centaurs
  9 wolves
  8 big kobolds
  25 bullfrogs
  A gnoll sergeant (D:12)
  2 water moccasin skeletons
  2 wyvern skeletons
  4 scorpions
  7 killer bees
  3 howler monkeys
  A wight (D:10)
  2 electric eels
  2 bullfrog zombies
  3 jellies
  8 hounds
  4 orc priests
  A bullfrog skeleton (D:5)
  4 iguanas
  2 centaur skeletons
  Ijyb (D:5)
  15 orc wizards
  10 worker ants
  A worker ant zombie (D:6)
  9 gnolls
  15 adders
  2 river rats (Sewer)
  3 shadow imps
  3 white imps
  2 ufetubi
  3 oozes
  2 adder skeletons
  6 worms
  4 dart slugs
  8 leopard geckos
  32 orcs
  4 bats
  7 giant cockroaches
  2 goblins
  10 hobgoblins
  11 jackals
  4 quokkas
  6 ball pythons
  10 frilled lizards
  A jackal skeleton (D:5)
  24 kobolds
  A leopard gecko skeleton (D:4)
  A quokka zombie (D:9)
  13 rats
441 creatures vanquished.

Vanquished Creatures (others)
  32 fungi
  132 plants
164 creatures vanquished.

Grand Total: 605 creatures vanquished

Notes
Turn   | Place    | Note
-------+----------+-------------------------------------------
     0 | D:1      | hawla the Draconian Conjurer began the quest for the Orb.
     0 | D:1      | Reached XP level 1. HP: 14/14 MP: 3/3
   422 | D:1      | Reached XP level 2. HP: 19/22 MP: 0/5
   425 | D:1      | Learned a level 2 spell: Searing Ray
   554 | D:1      | Reached skill level 1 in Fighting
  1318 | D:2      | Reached XP level 3. HP: 28/28 MP: 2/7
  1449 | D:2      | Reached skill level 3 in Spellcasting
  1574 | D:2      | Found a bloodstained altar of Trog.
  1855 | D:2      | Reached skill level 1 in Throwing
  2255 | D:2      | Reached XP level 4. HP: 35/35 MP: 6/9
  2265 | D:2      | Learned a level 4 spell: Iskenderun's Mystic Blast
  2628 | D:3      | Found a broken altar of Ashenzari.
  2738 | D:3      | Found a runed translucent gate.
  2738 | D:3      | Found a runed translucent gate.
  2738 | D:3      | Found an opulent altar of Gozag.
  2741 | D:3      | Found a runed translucent gate.
  2742 | D:3      | Noticed wux's ghost (weakling DsIE)
  3011 | D:3      | Reached skill level 1 in Translocations
  3080 | D:3      | Noticed a centaur
  3089 | D:3      | Killed a centaur
  3090 | D:3      | Reached XP level 5. HP: 12/40 MP: 5/10
  3912 | D:4      | Reached XP level 6. HP: 47/47 MP: 5/11
  4016 | D:4      | Reached skill level 5 in Conjurations
  4100 | D:4      | Reached skill level 4 in Spellcasting
  4604 | D:4      | Found Ytwoul's General Store.
  4714 | D:5      | Entered Level 5 of the Dungeon
  4739 | D:5      | Found a staircase to the Ecumenical Temple.
  4745 | Temple   | Entered the Ecumenical Temple
  4840 | Temple   | Became a worshipper of Gozag Ym Sagoz the Greedy
  4876 | D:5      | Found a glowing drain.
  4891 | Sewer    | Entered a sewer
  5044 | Sewer    | Your scales start taking on a glossy black colour.
  5044 | Sewer    | Reached XP level 7. HP: 52/52 MP: 3/13
  5044 | Sewer    | Gained mutation: You are resistant to electric shocks.
                  | (rElec) [Black Draconian growth]
  5715 | D:5      | Noticed Ijyb
  5717 | D:5      | Killed Ijyb
  5891 | D:5      | Reached skill level 5 in Spellcasting
  6045 | D:5      | Reached XP level 8. HP: 50/59 MP: 2/16
  6263 | D:5      | Reached skill level 6 in Spellcasting
  6563 | D:5      | Found a shadowy altar of Dithmenos.
  6570 | D:5      | Found an iron altar of Okawaru.
  6570 | D:5      | Found a glowing golden altar of the Shining One.
  6570 | D:5      | Found a radiant altar of Vehumet.
  6571 | D:5      | Found a hide-covered altar of Uskayaw.
  6572 | D:5      | Found a bloodstained altar of Trog.
  6576 | D:5      | Got a translucent whip
  6577 | D:5      | Identified the cursed +2 whip of the Rat {vorpal, Int+7
                  | Dex+4} (You found it on level 5 of the Dungeon)
  7058 | D:5      | Found Otudaqoe's Armour Boutique.
  7061 | D:5      | Bought a +0 buckler for 54 gold pieces
  7061 | D:5      | Bought a +2 pair of boots of flying for 258 gold pieces
  7312 | D:5      | Reached skill level 1 in Maces & Flails
  7813 | D:6      | Reached skill level 1 in Shields
  8100 | D:6      | Found an ancient bone altar of Kikubaaqudgha.
  8164 | D:6      | Reached skill level 7 in Spellcasting
  8289 | D:6      | Identified the Guide on Dislocation and Evil
  8495 | D:6      | Reached XP level 9. HP: 63/64 MP: 15/19
  9231 | D:7      | Reached skill level 5 in Maces & Flails
  9231 | D:7      | Reached skill level 8 in Spellcasting
  9508 | D:7      | Found Waywneo's Armour Emporium.
  9597 | D:7      | Bought a +0 pair of gloves for 49 gold pieces
 10318 | D:8      | Noticed a komodo dragon
 10319 | D:8      | Found a staircase to the Lair.
 10475 | D:8      | Reached skill level 9 in Spellcasting
 10475 | D:8      | Reached XP level 10. HP: 60/71 MP: 4/23
 10475 | D:8      | Noticed a two-headed ogre
 10490 | D:8      | Noticed Grum
 11081 | D:8      | Found a basalt altar of Yredelemnul.
 11320 | Lair:1   | Entered Level 1 of the Lair of Beasts
 11562 | D:8      | Killed Grum
 11649 | D:8      | Killed a two-headed ogre
 12045 | D:8      | Found a white marble altar of Elyvilon.
 12179 | D:8      | Learned a level 6 spell: Freezing Cloud
 12183 | D:8      | Learned a level 3 spell: Teleport Other
 12385 | D:9      | Reached skill level 10 in Spellcasting
 12569 | D:9      | Noticed Joseph
 12605 | D:9      | Killed Joseph
 12606 | D:9      | Reached skill level 1 in Ice Magic
 12606 | D:9      | Reached skill level 1 in Air Magic
 12782 | D:9      | Found Olouman's Distillery.
 12790 | D:9      | Bought a potion of lignification for 39 gold pieces
 12790 | D:9      | Bought a potion of degeneration for 13 gold pieces
 13089 | D:10     | Entered Level 10 of the Dungeon
 13271 | D:10     | Noticed Maggie
 13280 | D:10     | Killed Maggie
 13387 | D:10     | Noticed a two-headed ogre
 13553 | D:10     | Noticed a white ugly thing
 13559 | D:10     | Killed a white ugly thing
 13678 | D:10     | Killed a two-headed ogre
 13679 | D:10     | Reached XP level 11. HP: 71/77 MP: 16/25
 14579 | Lair:1   | Bought the Papyrus of Snow for 755 gold pieces
 14584 | Lair:1   | Learned a level 4 spell: Hailstorm
 14591 | Lair:1   | Learned a level 6 spell: Ozocubu's Refrigeration
 14771 | D:11     | Noticed Maurice
 14781 | D:11     | Paralysed by Maurice for 4 turns
 14916 | D:11     | Noticed a cyan ugly thing
 14917 | D:11     | Killed Maurice
 14924 | D:11     | Killed a cyan ugly thing
 14925 | D:11     | Reached skill level 5 in Air Magic
 15247 | D:11     | Noticed a two-headed ogre
 15255 | D:11     | Killed a two-headed ogre
 15318 | D:11     | Found a basalt altar of Yredelemnul.
 15489 | D:11     | Found a staircase to the Orcish Mines.
 15703 | D:11     | Reached skill level 5 in Ice Magic
 15951 | D:11     | Noticed a seven-headed hydra
 15960 | D:11     | Killed a seven-headed hydra
 16040 | D:11     | Killed an unseen horror
 16348 | D:12     | Noticed a two-headed ogre
 16350 | D:12     | Noticed a white ugly thing
 16358 | D:11     | Killed a two-headed ogre
 16516 | D:12     | Noticed a sun demon
 16620 | D:12     | Killed a white ugly thing
 16621 | D:12     | Reached XP level 12. HP: 83/83 MP: 8/26
 18037 | D:12     | Found a stormy altar of Qazlal.
 18225 | D:12     | Learned a level 2 spell: Swiftness
 18458 | Temple   | Identified a scroll of acquirement
 18458 | Temple   | Acquired 1113 gold pieces
 18569 | Lair:1   | You fall into a shaft and drop 1 floor!
 18570 | Lair:2   | Noticed an eight-headed hydra
 18605 | Lair:2   | Killed an eight-headed hydra
 19002 | Lair:1   | Bought a book of Power for 495 gold pieces
 19661 | Lair:2   | Reached skill level 11 in Spellcasting
 20108 | Lair:2   | Reached skill level 10 in Maces & Flails
 20118 | Lair:1   | Learned a level 5 spell: Iskenderun's Battlesphere
 20123 | Lair:1   | Learned a level 4 spell: Olgreb's Toxic Radiance
 20204 | Lair:2   | Found a staircase to the Snake Pit.
 20227 | Lair:2   | Reached skill level 1 in Poison Magic
 21530 | Lair:3   | Found a snail-covered altar of Cheibriados.
 21536 | Lair:3   | Reached XP level 13. HP: 89/89 MP: 6/28
 23082 | Lair:3   | Learned a level 3 spell: Ignite Poison
 23162 | Lair:4   | Reached skill level 1 in Transmutations
 23162 | Lair:4   | Reached skill level 1 in Fire Magic
 23241 | Lair:3   | Reached skill level 12 in Spellcasting
 23611 | Lair:4   | Found a staircase to the Swamp.
 24501 | Lair:5   | You fall into a shaft and drop 1 floor!
 24501 | Lair:6   | Entered Level 6 of the Lair of Beasts
 24505 | Lair:6   | Found a burning altar of Makhleb.
 24582 | Lair:6   | Noticed Snorg
 24622 | Lair:5   | Killed from afar by a meliai

Illustrated notes

Levels and vault maps discovered:
D:1:      minmay_arrival_hallway, layout_basic
D:2:      layout_loops_ring, trog_three_pillars_becter
D:3:      layout_basic, ebering_ghost_gozag, cheibrodos_ashenzari_chains
D:4:      layout_basic, serial_shops, nicolae_shop_waterfront
D:5:      kennysheep_windowed_halls, layout_layer_cave, minitemple,
          temple_statues, serial_shops, kennysheep_mini_moat,
          serial_co_window_serial, co_window_corner_a, co_window_paths_a,
          co_window_paths_a, co_window_corner_a, co_window_paths_b,
          co_window_unsneaky_path_c, co_window_unsneaky_path_e,
          co_window_corner_b, co_window_paths_d, glass_columns_a,
          glass_columns_b, glass_columns_a, portal_sewer_entry_c, uniq_ijyb
D:6:      cheibrodos_barr_body, layout_basic, basic_altar
D:7:      layout_loops_cross, serial_shops, shop, kennysheep_generic_room_16
D:8:      layout_rooms, kennysheep_ying_yang, david_lair_shrubbed, uniq_grum
D:9:      layout_irregular_city, serial_shops, nicolae_shop_statue_plus,
          uniq_joseph
D:10:     layout_gridville, kennysheep_small_square, uniq_maggie
D:11:     layout_big_octagon, orc_0_dummy, basic_altar, uniq_maurice
D:12:     layout_roguey, solitary_fountain, grunt_ministairs_2,
          nicolae_qazlal_style_of_elements
Temple:   eino_temple_lava
Lair:1:   layout_concentric_octagons
Lair:2:   layout_chaotic_city, minmay_snake_entry_guardpost_medium,
          serial_bayou_lagoon_b
Lair:3:   layout_cave_pods, basic_altar, wad_woods_road_02
Lair:4:   layout_gridlike, skrybe_swamp_entry_bodies
Lair:5:   layout_gridlike, minmay_slime_entry_oklob_open,
          portal_ice_cave_entry_animals_and_master, special_room
          [special_room_bee], infiniplex_staircase_pool, uniq_rupert, uniq_kirke
Lair:6:   minmay_lair_end_frog_pond, layout_cave_shapes, lemuel_oklob_altar,
          uniq_snorg

Skill      XL: |  1  2  3  4  5  6  7  8  9 10 11 12 13 |
---------------+----------------------------------------+-----
Dodging        | 2 |  2.0
Stealth        | 2 |  2.0
Fighting       | 1 |  1.0
Spellcasting   | 3 4 5 7 9 10 11 12 | 12.4
Throwing       | 1 |  1.0
Translocations | 2 3 4 |  4.6
Conjurations   | 5 6 7 8 9 |  9.4
Maces & Flails | 3 6 8 9 10 11 | 11.8
Shields        | 3 4 |  4.0
Ice Magic      | 3 5 8 |  8.1
Air Magic      | 3 7 8 |  8.2
Poison Magic   | 2 |  2.0
Transmutations | 1 |  1.0
Fire Magic     | 1 |  1.0

Action                   |  1- 3 |  4- 6 |  7- 9 | 10-12 | 13-15 || total
-------------------------+-------+-------+-------+-------+-------++-------
Melee: Unarmed           |    36 |       |       |       |       ||    36
       Tailslap          |     4 |       |     1 |     9 |     2 ||    16
       Short sword       |    20 |    12 |    19 |       |       ||    51
       Whip              |       |       |    23 |    77 |    54 ||   154
Throw: Dart              |       |       |       |     5 |       ||     5
       Boomerang         |       |       |       |     6 |       ||     6
 Cast: Magic Dart        |    46 |    57 |    94 |   150 |    52 ||   399
       Searing Ray       |    17 |    27 |    60 |   151 |    21 ||   276
       Iskenderun's Myst |       |       |    15 |    77 |    21 ||   113
       Teleport Other    |       |       |       |     8 |       ||     8
       Freezing Cloud    |       |       |       |     5 |     1 ||     6
       Ozocubu's Refrige |       |       |       |    13 |     8 ||    21
       Olgreb's Toxic Ra |       |       |       |     3 |     6 ||     9
       Iskenderun's Batt |       |       |       |     3 |     3 ||     6
       Ignite Poison     |       |       |       |       |     1 ||     1
Invok: Call Merchant     |       |       |       |     1 |       ||     1
       Potion Petition   |       |       |       |       |     1 ||     1
 Abil: Stop Flying       |       |       |     1 |       |       ||     1
Evoke: Wand              |       |       |       |     1 |     2 ||     3
  Use: Scroll            |       |    12 |     6 |    20 |     5 ||    43
       Potion            |       |       |     1 |     3 |     5 ||     9
 Stab: Sleeping          |       |     1 |       |       |       ||     1
Armor: Skin              |    19 |     5 |    31 |    81 |    24 ||   160
Dodge: Dodged            |    43 |    22 |    71 |   185 |    66 ||   387
Block: Buckler           |       |       |    12 |    48 |    24 ||    84
